 Dungeon Crawl Stone Soup version 0.31.0-11-ge490571c62 (webtiles) character file.

Game seed: 10933395947131506994

27 Zeor the Vexing (level 2, 0/16 HPs)
             Began as a Deep Elf Hexslinger on Jan 27, 2024.
             Slain by a frilled lizard (3 damage)
             ... on level 1 of the Dungeon.
             The game lasted 00:01:59 (554 turns).

Zeor the Vexing (Deep Elf Hexslinger)                Turns: 554, Time: 00:02:00

Health: 0/16       AC:  3    Str:  5    XL:     2   Next: 93%
Magic:  7/7        EV: 12    Int: 17    God:
Gold:   41         SH:  0    Dex: 17    Spells: 3/5 levels left

rFire   . . .        a - +1 sling
rCold   + . .        (no shield)
rNeg    . . .        k - +0 leather armour
rPois   .            (no helmet)
rElec   .            (no cloak)
rCorr   .            (no gloves)
SInv    .            (no boots)
Will    .....        (no amulet)
Stlth   +            j - ring of protection from cold
HPRegen 0.22/turn    (no ring)
MPRegen 0.10/turn

%: no passive effects
@: weak-willed
A: no striking features
a: no special abilities


You were on level 1 of the Dungeon.
You visited 1 branch of the dungeon, and saw 1 of its levels.

You collected 41 gold pieces.

Inventory:

Hand Weapons
 a - a +1 sling (weapon)
 b - a +0 dagger of venom
Armour
 k - a +0 leather armour (worn)
Jewellery
 j - a ring of protection from cold (left hand)
Scrolls
 d - a scroll of immolation {unknown}
 f - a scroll of identify {unknown}
 i - a scroll of poison
Potions
 e - a potion of cancellation {unknown}
 g - a potion of degeneration {unknown}
 h - a potion of attraction {unknown}


   Skills:
 + Level 1.0 Fighting
 + Level 3.6 Ranged Weapons
 + Level 2.5 Dodging
 * Level 2.0 Spellcasting
 + Level 4.5 Hexes
 + Level 1.1 Fire Magic


You had 3 spell levels left.
You knew the following spells:

 Your Spells              Type           Power      Damage    Failure   Level
j - Jinxbite              Hex            34%        N/A       8%          2

Your spell library contained the following spells:

 Spells                   Type           Power      Damage    Failure   Level
 Sigil of Binding         Hex            17%        N/A       16%         3
 Inner Flame              Hex/Fire       11%        N/A       30%         3
 Cause Fear               Hex            8%         N/A       45%         4
 Dimensional Bullseye     Hex/Tloc       4%         N/A       77%         4


Dungeon Overview and Level Annotations

Branches:
Dungeon (1/15)

Altars:


Message History

The giant cockroach barely misses you.
You shoot a sling bullet.
The sling bullet barely misses the giant cockroach.
The giant cockroach bites you but does no damage.
The frilled lizard barely misses you. The giant cockroach closely misses you.
The frilled lizard barely misses you.
You shoot a sling bullet.
The sling bullet barely misses the giant cockroach.
The giant cockroach bites you but does no damage.
The frilled lizard bites you but does no damage.
You shoot a sling bullet.
The sling bullet barely misses the giant cockroach.
The giant cockroach closely misses you.
The frilled lizard bites you but does no damage.
The giant cockroach closely misses you.
You shoot a sling bullet.
The sling bullet closely misses the giant cockroach.
The frilled lizard bites you.
* * * LOW HITPOINT WARNING * * *
The giant cockroach bites you.
* * * LOW HITPOINT WARNING * * *
You shoot a sling bullet.
The sling bullet barely misses the giant cockroach.
The giant cockroach bites you but does no damage.
The frilled lizard bites you but does no damage.
The giant cockroach misses you.
The frilled lizard bites you but does no damage.
You shoot a sling bullet.
The sling bullet hits the giant cockroach.
You kill the giant cockroach!
The frilled lizard bites you but does no damage.
A frilled lizard is nearby!
The frilled lizard attacks as it pursues you!
The frilled lizard barely misses you.
The frilled lizard attacks as it pursues you!
The frilled lizard closely misses you.
You shoot a sling bullet.
The sling bullet closely misses the frilled lizard.
The frilled lizard bites you.
You die... ▒∙▒▒∙▒∙▒∙▒▒∙▒▒▒∙▒∙▒∙∙∙∙∙▒▒∙∙∙▒∙∙▒ ∙∙∙∙∙∙∙∙∙∙∙∙∙∙∙∙∙∙∙∙∙∙∙∙∙∙∙∙∙>∙∙▒ ▒∙∙∙∙▒∙∙∙∙∙∙▒∙▒∙▒∙∙∙∙∙▒∙▒▒∙▒∙∙∙∙∙ ∙∙∙∙∙∙∙∙∙∙∙∙∙∙∙∙∙∙∙∙∙∙∙∙∙∙∙▒∙∙∙▒▒ ∙∙∙∙∙∙∙∙∙∙∙∙∙∙▒∙▒÷∙▒▒▒▒∙▒▒▒▒∙∙∙∙▒ ∙∙∙∙∙∙∙∙▒▒▒▒▒▒▒∙▒∙∙▒∙∙▒▒▒▒∙∙∙∙∙∙▒ ∙∙∙∙∙∙∙∙∙∙

∙∙▒∙∙∙∙ ▒ ∙∙∙▒∙∙∙∙∙
∙∙∙∙∙∙▒∙▒▒▒▒▒▒▒▒▒▒∙▒▒∙▒
▒▒▒∙∙∙▒∙▒
∙∙∙∙∙∙■∙∙∙∙∙∙∙∙[el∙†[∙▒
▒∙∙∙∙∙▒∙▒
∙∙∙∙)∙▒▒▒∙∙▒▒▒▒▒▒▒∙▒∙∙▒
▒∙▒▒∙(▒∙▒ ▒▒▒▒▒▒▒ ▒▒∙▒
▒†▒∙∙▒ ▒∙∙∙∙∙∙∙▒ ▒
▒∙▒▒▒▒▒ ∙=∙ ▒ ▒▒▒▒∙∙▒▒▒
▒ ▒∙∙∙∙∙▒▒∙∙∙∙ ▒∙∙∙∙∙ ▒
▒▒▒▒▒∙▒▒∙∙[∙∙ ▒▒∙▒▒▒ ▒
▒∙▒▒∙∙∙∙∙∙ ▒∙▒ ▒
▒∙▒▒∙∙∙∙∙∙( ▒∙▒ ▒▒▒
▒∙▒▒▒▒▒∙∙∙∙∙ ▒∙▒


You could see a frilled lizard.

Vanquished Creatures
  A dart slug (D:1)
  3 bats (D:1)
  4 giant cockroaches (D:1)
  4 goblins (D:1)
  2 jackals (D:1)
  4 ball pythons (D:1)
  A frilled lizard (D:1)
  3 kobolds (D:1)
  4 rats (D:1)
26 creatures vanquished.

Notes
Turn   | Place    | Note
-------+----------+-------------------------------------------
     0 | D:1      | Zeor the Deep Elf Hexslinger began the quest for the Orb.
     0 | D:1      | Reached XP level 1. HP: 11/11 MP: 5/5
   124 | D:1      | Reached XP level 2. HP: 15/16 MP: 6/6
   139 | D:1      | Learned a level 2 spell: Jinxbite
   541 | D:1      | Reached skill level 1 in Fighting
   554 | D:1      | Slain by a frilled lizard

Illustrated notes

Levels and vault maps discovered:
D:1:      shiori_arrival_oz, layout_basic

Skill      XL: |  1  2 |
---------------+-------+-----
Ranged Weapons | 3 |  3.6
Spellcasting   | 2 |  2.0
Fighting       | 1 |  1.0
Dodging        | |  2.5
Hexes          | |  4.5
Fire Magic     | |  1.1

Action                     || total
---------------------------++-------
   Fire: Sling             ||    67
   Cast: Jinxbite          ||     3
 Armour: Robe              ||    11
         Leather armour    ||    24
  Dodge: Dodged            ||    38
